 Dungeon Crawl Stone Soup version 0.23-a0-650-ga4d50d4 (webtiles) character file.

2382 nikopol the Thaumaturge (level 9, -8/48 HPs)
             Began as a Deep Elf Fire Elementalist on Jan 1, 2019.
             Was an Initiate of Vehumet.
             Mangled by Joseph
             ... wielding a +0 quarterstaff
              (9 damage)
             ... on level 8 of the Dungeon on Jan 2, 2019.
             The game lasted 00:19:04 (6553 turns).

nikopol the Thaumaturge (DEFE)                      Turns: 6553, Time: 00:19:05

Health: -8/48      AC:  4    Str:  5    XL:     9   Next: 22%
Magic:  12/23      EV: 14    Int: 24    God:    Vehumet [......]
Gold:   381        SH:  0    Dex: 15    Spells: 10/25 levels left

rFire    + . .     SeeInvis .   y - +0 shortbow
rCold    . . .     Gourm    .   (shield currently unavailable)
rNeg     . . .     Faith    .   D - +0 robe {rF+}
rPois    +         Spirit   .   u - +0 helmet
rElec    .         Reflect  .   (no cloak)
rCorr    .         Harm     .   C - +0 pair of gloves
MR       .....                  (no boots)
Stlth    +++.......             n - amulet of regeneration
HPRegen  0.56/turn              w - ring of poison resistance
MPRegen  0.18/turn              (no ring)

@: no status effects
A: no striking features
a: Renounce Religion


You were on level 8 of the Dungeon.
You worshipped Vehumet.
Vehumet was noncommittal.
You were hungry.

You visited 2 branches of the dungeon, and saw 9 of its levels.

You collected 381 gold pieces.

Inventory:

Hand Weapons
 e - a +0 dagger
 y - a +0 shortbow (weapon)
Missiles
 A - 54 arrows (quivered)
Armour
 a - a +0 robe
 u - a +0 helmet (worn)
 C - a +0 pair of gloves (worn)
 D - a +0 robe of fire resistance (worn)
Jewellery
 n - an amulet of regeneration (around neck)
 t - a +3 ring of dexterity
 w - a ring of poison resistance (left hand)
 B - a +2 ring of protection {unknown}
Wands
 v - a wand of flame (19)
 z - a wand of iceblast (10)
 E - a wand of polymorph (9)
Scrolls
 b - 5 scrolls of remove curse {unknown}
 d - a scroll of fear {unknown}
 f - 5 scrolls of identify {unknown}
 k - 2 scrolls of teleportation {unknown}
 s - 3 scrolls of blinking {unknown}
 x - a scroll of enchant armour {unknown}
 F - a scroll of immolation {unknown}
 G - a scroll of magic mapping {unknown}
 H - a scroll of random uselessness {unknown}
Potions
 g - a potion of lignification {unknown}
 h - a potion of might {unknown}
 i - 2 potions of magic {unknown}
 j - a potion of heal wounds {unknown}
 l - 4 potions of degeneration {unknown}
 m - a potion of invisibility {unknown}
 o - a potion of agility {unknown}
 p - a potion of mutation {unknown}
 q - a potion of flight {unknown}
 r - a potion of cancellation {unknown}
Comestibles
 c - 7 rations


   Skills:
 + Level 1.6 Fighting
 + Level 5.4 Bows
 + Level 4.0 Dodging
 + Level 4.2 Stealth
 + Level 8.8 Spellcasting
 + Level 6.2 Conjurations
 + Level 7.2 Fire Magic


You had 10 spell levels left.
You knew the following spells:

 Your Spells              Type           Power        Failure   Level  Hunger
a - Flame Tongue          Conj/Fire      #####        1%          1    None
b - Throw Flame           Conj/Fire      #####.       1%          2    None
c - Conjure Flame         Conj/Fire      #####...     1%          3    None
d - Sticky Flame          Conj/Fire      #####...     3%          4    ##.....
e - Fireball              Conj/Fire      #####.....   11%         5    ####...

Your spell library contained the following spells:

 Spells                   Type           Power        Failure   Level  Hunger
 Inner Flame              Hex/Fire       ####....     4%          3    None


Dungeon Overview and Level Annotations

Branches:
Dungeon (8/15)             Temple (1/1) D:7
   Lair: D:8-11

Altars:
Cheibriados
Dithmenos
Fedhas
Gozag
Hepliaklqana
Makhleb
Nemelex Xobeh
Okawaru
Qazlal
Trog
Vehumet
Wu Jian
Yredelemnul
Zin
The Shining One

Shops:
D:5 (

Annotations:
D:8 Joseph, Maurice


Message History

Casting: Sticky Flame (safe; 3% risk of failure)
Confirm with . or Enter, or press ? or * to list all spells.
Aiming: Flame Tongue (safe; 1% risk of failure)
Press: ? - help, Shift-Dir - straight line, f/p - Joseph
Aim: Joseph, wielding a +0 quarterstaff, wearing a +4 ring mail of fire The flame tongue hits Joseph.
Joseph resists.
Joseph is heavily wounded.
A gnoll sergeant comes into view. It is wielding a +0 trident.
Joseph hits you with a +0 quarterstaff!!
* * * LOW HITPOINT WARNING * * *
Casting: Flame Tongue (safe; 1% risk of failure)
Confirm with . or Enter, or press ? or * to list all spells.
Aiming: Flame Tongue (safe; 1% risk of failure)
Press: ? - help, Shift-Dir - straight line, f/p - Joseph
Aim: Joseph, wielding a +0 quarterstaff, wearing a +4 ring mail of fire The flame tongue hits Joseph.
Joseph resists.
Joseph is heavily wounded.
The gnoll sergeant shouts!
Joseph burns!
Joseph hits you with a +0 quarterstaff!
You die...

....>.. #. ..
.......#.## ...
..........##...
#..............
.#.............
..............#
...............
....†.@@..((...
.....).........
....)....)##...
...........# .
.............
........#.#...
#.g.#..........
#?.##.....#..#.


You could see Joseph (burning) and a gnoll sergeant.

Vanquished Creatures
  Pikel (D:5)
  Prince Ribbit (D:5)
  Sigmund (D:5)
  A water moccasin (D:6)
  An ice beast (D:7)
  An orc warrior (D:5)
  3 sky beasts
  2 ogres
  A centaur (D:5)
  Blork the orc (D:4)
  A scorpion (D:4)
  A howler monkey (D:5)
  2 jellies (D:7)
  A centaur skeleton (D:5)
  An orc priest (D:6)
  A hound (D:4)
  A bullfrog skeleton (D:5)
  3 worker ants
  Natasha (D:4)
  An iguana (D:6)
  3 orc wizards
  A howler monkey skeleton (D:4)
  Robin (D:3)
  8 adders
  3 gnolls (D:8)
  2 shadow imps (D:7)
  An ooze (D:6)
  2 adder skeletons
  4 leopard geckos
  7 orcs
  2 giant cockroaches
  18 goblins
  5 hobgoblins
  2 jackals (D:5)
  3 quokkas
  2 ball pythons
  2 bats
  4 frilled lizards
  4 kobolds
  4 rats
104 creatures vanquished.

Vanquished Creatures (others)
  A crimson imp (D:5)
  An adder zombie (D:5)
  A jackal (D:5)
3 creatures vanquished.

Grand Total: 107 creatures vanquished

Notes
Turn   | Place    | Note
-------+----------+-------------------------------------------
     0 | D:1      | nikopol the Deep Elf Fire Elementalist began the quest for
                  | the Orb.
     0 | D:1      | Reached XP level 1. HP: 10/10 MP: 6/6
   200 | D:1      | Reached XP level 2. HP: 10/15 MP: 4/8
  1105 | D:2      | Reached XP level 3. HP: 14/19 MP: 2/10
  1340 | D:2      | Found a glowing golden altar of the Shining One.
  1524 | D:3      | Reached skill level 4 in Spellcasting
  1714 | D:3      | Noticed Robin
  1728 | D:2      | Reached XP level 4. HP: 23/24 MP: 10/12
  2021 | D:3      | Learned a level 2 spell: Throw Flame
  2025 | D:3      | Learned a level 3 spell: Conjure Flame
  2030 | D:3      | Learned a level 4 spell: Sticky Flame
  2037 | D:3      | Killed Robin
  2411 | D:4      | Reached XP level 5. HP: 28/28 MP: 4/13
  2540 | D:4      | Noticed Natasha
  2545 | D:4      | Killed Natasha
  2771 | D:4      | Reached skill level 5 in Spellcasting
  2844 | D:4      | Noticed Blork the orc
  2858 | D:4      | Killed Blork the orc
  2858 | D:4      | Reached XP level 6. HP: 29/32 MP: 2/15
  3319 | D:5      | Entered Level 5 of the Dungeon
  3370 | D:5      | Reached skill level 5 in Fire Magic
  3436 | D:5      | Noticed a slave
  3461 | D:5      | Noticed Prince Ribbit
  3472 | D:5      | Reached skill level 6 in Spellcasting
  3607 | D:5      | Reached XP level 7. HP: 36/36 MP: 11/18
  3637 | D:5      | Killed Prince Ribbit
  3729 | D:5      | Found Ulaek's Antique Weapon Emporium.
  3735 | D:5      | Noticed Pikel
  3755 | D:5      | Killed Pikel
  3755 | D:5      | Reached skill level 1 in Bows
  3755 | D:5      | Reached skill level 7 in Spellcasting
  3755 | D:5      | Reached skill level 5 in Conjurations
  3755 | D:5      | Reached XP level 8. HP: 42/42 MP: 5/21
  4227 | D:5      | Noticed Sigmund
  4235 | D:5      | Killed Sigmund
  4235 | D:5      | Reached skill level 1 in Fighting
  4235 | D:5      | Reached skill level 8 in Spellcasting
  4558 | D:6      | Identified the +1 robe "Veaq" {Str+3}
  4783 | D:5      | Upgraded the game from 0.23-a0-644-gb60d84b to
                  | 0.23-a0-650-ga4d50d4
  5159 | D:6      | Found a basalt altar of Yredelemnul.
  5224 | D:6      | Reached XP level 9. HP: 41/47 MP: 15/23
  5440 | D:7      | Reached skill level 5 in Bows
  5718 | D:7      | Found a staircase to the Ecumenical Temple.
  5730 | Temple   | Entered the Ecumenical Temple
  5832 | Temple   | Became a worshipper of Vehumet
  5905 | D:7      | Found a blossoming altar of Fedhas.
  5993 | D:8      | Noticed Maurice
  6179 | D:7      | Learned a level 5 spell: Fireball
  6354 | D:8      | Noticed Joseph
  6552 | D:8      | HP: 1/48 [Joseph/+0 quarterstaff (20)]
  6553 | D:8      | Mangled by Joseph

Vault maps used:
D:1:      dpeg_arrival_boxorama, serial_glass, glass_columns_b, glass_columns_a
D:2:      tso_altar
D:3:      uniq_robin
D:4:      uniq_blork_the_orc, uniq_natasha
D:5:      first_ration, serial_shops, nicolae_shop_crystal,
          chequers_mini_garden, uniq_prince_ribbit1, uniq_sigmund, uniq_pikel
D:6:      basic_altar
D:7:      minmay_temple_entry_grid, fedhas_altar_4
D:8:      led_sif_book, lair_entry_dummy, serial_glass, glass_columns_b,
          glass_columns_c, the_bakery, uniq_maurice, uniq_joseph
Temple:   kilobyte_greek_temple

Skill      XL: |  1  2  3  4  5  6  7  8  9 |
---------------+----------------------------+-----
Fire Magic     | 4 5 6 7 |  7.2
Spellcasting   | 4 5 6 7 8 |  8.8
Conjurations   | 2 3 4 5 6 |  6.2
Stealth        | 3 4 |  4.2
Dodging        | 3 4 |  4.0
Bows           | 1 4 5 |  5.4
Fighting       | 1 |  1.6

Action                   |  1- 3 |  4- 6 |  7- 9 || total
-------------------------+-------+-------+-------++-------
Melee: Shortbow          |       |       |     2 ||     2
 Fire: Shortbow          |       |    12 |   131 ||   143
 Cast: Flame Tongue      |    72 |    69 |    75 ||   216
       Throw Flame       |       |     6 |     9 ||    15
       Sticky Flame      |       |     5 |    19 ||    24
       Conjure Flame     |       |     3 |     2 ||     5
       Fireball          |       |       |     5 ||     5
  Eat: Chunk             |     2 |     4 |     3 ||     9
       Ration            |       |     1 |     2 ||     3
Armor: Robe              |     2 |     1 |    30 ||    33
Dodge: Dodged            |    22 |    13 |   107 ||   142

Table legend:
 A = Non-vault XP
 B = Vault XP
 C = Vault XP percentage of total XP
 D = Non-vault monster count
 E = Vault monster count
 F = Vault count percentage of total count
                 A         B        C        D         E       F
            +---------+---------+-------+---------+---------+-------
      Total |    2085 |    1319 |  38.7 |      88 |      16 |  15.4
            +---------+---------+-------+---------+---------+-------
        D:1 |      28 |       0 |   0.0 |      16 |       0 |   0.0
        D:2 |      33 |       4 |  10.8 |      12 |       2 |  14.3
        D:3 |      42 |      29 |  40.8 |       9 |       9 |  50.0
        D:4 |     209 |     134 |  39.1 |      11 |       2 |  15.4
        D:5 |     636 |    1152 |  64.4 |      14 |       3 |  17.6
        D:6 |     575 |       0 |   0.0 |      12 |       0 |   0.0
        D:7 |     396 |       0 |   0.0 |      10 |       0 |   0.0
        D:8 |     166 |       0 |   0.0 |       4 |       0 |   0.0
            +---------+---------+-------+---------+---------+-------
